 Dungeon Crawl Stone Soup version 0.31-a0-818-ge7c7cf74f0 (webtiles) character file.

Game seed: 17051899311255388452

202 javelincjr the Ruffian (level 5, -11/38 HPs)
             Began as a Demonspawn Shapeshifter on Sept 22, 2023.
             Mangled by Pikel
             ... wielding a +2 whip of electrocution
              (14 damage)
             ... on level 4 of the Dungeon.
             The game lasted 00:06:57 (2980 turns).

javelincjr the Ruffian (Demonspawn Shapeshifter)    Turns: 2980, Time: 00:06:57

Health: -11/38     AC:  2    Str: 16    XL:     5   Next: 50%
Magic:  5/5        EV: 17    Int: 11    God:
Gold:   157        SH:  0    Dex: 13    Spells: 4/4 levels left

rFire   . .          .
                       - Unarmed
rCold   . . .        (no shield)
rNeg    . . .        a - +0 animal skin
rPois   .            (helmet currently unavailable)
rElec   .            (cloak currently unavailable)
rCorr   .            (gloves currently unavailable)
SInv    .            (boots currently unavailable)
Will    .....        (no amulet)
Stlth   +            m - +5 ring of evasion
HPRegen 0.26/turn    (no ring)
MPRegen 0.09/turn

%: no passive effects
@: beast-form
A: beast (slay +2), sturdy frame 1, demonic magic 1, demonic touch 1
a: Begin Untransformation


You were on level 4 of the Dungeon.
You were a hulking beast.
You visited 1 branch of the dungeon, and saw 4 of its levels.

You collected 157 gold pieces.

Inventory:

Hand Weapons
 l - a +4 spear
 t - a +0 dagger of venom
Missiles
 i - 11 boomerangs (quivered)
Armour
 a - a +0 animal skin (worn)
 h - a +2 cloak
Jewellery
 m - a +5 ring of evasion (left hand)
Talismans
 c - a beast talisman (active)
 d - a flux talisman
Scrolls
 f - 2 scrolls of fear {unknown}
 g - 3 scrolls of identify {unknown}
 j - a scroll of vulnerability {unknown}
 q - a scroll of torment {unknown}
 u - a scroll of immolation {unknown}
 w - a scroll of noise {unknown}
 x - a scroll of poison {unknown}
Potions
 b - a potion of lignification
 e - 2 potions of magic {unknown}
 k - a potion of resistance {unknown}
 n - 3 potions of might {unknown}
 o - a potion of haste {unknown}
 p - 2 potions of attraction {unknown}
 r - a potion of degeneration {unknown}
 s - a potion of mutation {unknown}
 v - a potion of curing {unknown}


   Skills:
 + Level 2.3 Fighting
 + Level 2.7 Dodging
 * Level 3.9 Unarmed Combat
 * Level 3.7 Shapeshifting


You had 4 spell levels left.
You didn't know any spells.
Your spell library contained the following spells:

 Spells                   Type           Power      Damage    Failure   Level
 Kiss of Death            Conj/Necr      0%         2d5       34%         1
 Blink                    Tloc           0%         N/A       47%         2
 Lesser Beckoning         Tloc           0%         N/A       47%         2
 Momentum Strike          Conj/Tloc      0%         3d8       47%         2
 Confusing Touch          Hex            0%         N/A       71%         3
 Dispel Undead            Necr           0%         3d6       98%         4


Dungeon Overview and Level Annotations

Branches:
Dungeon (4/15)
 Temple: D:4-7

Altars:
Ru
Uskayaw

Annotations:
D:4 Pikel


Innate Abilities, Weirdness & Mutations

You are a hulking beast.
Your limbs bulge with bestial killing power. (Slay +2)
Your movements are slightly less encumbered by armour. (ER -2)
Spells you cast may paralyse adjacent enemies.
Your touch may inflict minor irresistible damage on your foes.


Message History

You see here a +0 dagger of pain.
x - a scroll labelled WALIMP RUCK You now have 145 gold pieces (gained 13).
Found a stone staircase leading down.
An iguana comes into view.
The iguana hisses angrily.
The iguana hisses menacingly.
You hit the iguana.
You touch the iguana!
The iguana is severely wounded.
The iguana misses you.
You completely miss the iguana.
The iguana is severely wounded.
The iguana barely misses you.
You hit the iguana but do no damage.
You touch the iguana.
You kill the iguana!
No target in view!
You see here an iguana corpse.
Found a ring mail.
You now have 157 gold pieces (gained 12).
Pikel, Merchant of Souls comes into view.
He is wielding a +2 whip of electrocution and carrying a wand of flame.
Pikel shouts!
You hear a shout! x4
A hobgoblin comes into view.
The hobgoblin shouts!
A lemure comes into view.
You hit Pikel.
Pikel is lightly wounded.
An endoplasm comes into view.
Pikel hits you with a +2 whip of electrocution!
You are electrocuted!!
You are too injured to fight recklessly!
You are too injured to fight recklessly!
You are too injured to fight recklessly!
You are too injured to fight recklessly!
You hit Pikel.
You touch Pikel.
Pikel is moderately wounded.
Pikel hits you with a +2 whip of electrocution!
* * * LOW HITPOINT WARNING * * *
You are electrocuted!
You die...
Pikel says, "See you in Hell!"

#.#
#####.#
#.# #.#
#.####
...
#....#
....
#....#
...
##...#
##.##
#.# #h#
#K#.#
#5# #g#
#. ...
# #J.
....
... ..


You could see Pikel, a lemure, an endoplasm and a hobgoblin.

Vanquished Creatures
  A howler monkey (D:4)
  An iguana (D:4)
  6 adders
  2 worms (D:3)
  2 dart slugs (D:3)
  4 orcs (D:3)
  8 bats
  3 endoplasms
  2 giant cockroaches
  13 goblins
  5 hobgoblins
  5 quokkas
  3 ball pythons
  5 frilled lizards
  9 kobolds
  5 rats
74 creatures vanquished.

Notes
Turn   | Place    | Note
-------+----------+-------------------------------------------
     0 | D:1      | javelincjr the Demonspawn Shapeshifter began the quest for
                  | the Orb.
     0 | D:1      | Reached XP level 1. HP: 15/15 MP: 1/1
   214 | D:1      | Gained mutation: Your touch may inflict minor irresistible
                  | damage on your foes. [demonic ancestry]
   214 | D:1      | Reached XP level 2. HP: 18/21 MP: 2/2
  1068 | D:2      | Reached XP level 3. HP: 25/26 MP: 3/3
  1690 | D:2      | Gained mutation: Your movements are slightly less
                  | encumbered by armour. (ER -2) [demonic ancestry]
  1690 | D:2      | Reached XP level 4. HP: 33/33 MP: 4/4
  2112 | D:3      | Found a hide-covered altar of Uskayaw.
  2819 | D:3      | Found a sacrificial altar of Ru.
  2877 | D:4      | Gained mutation: Spells you cast may paralyse adjacent
                  | enemies. [demonic ancestry]
  2877 | D:4      | Reached XP level 5. HP: 38/38 MP: 5/5
  2977 | D:4      | Noticed Pikel
  2978 | D:4      | Noticed a lemure
  2980 | D:4      | Mangled by Pikel

Illustrated notes

Levels and vault maps discovered:
D:1:      saegor_arrival_simple_e, layout_loops_corners, supply_closet_lemuel
D:2:      minmay_alternating_diamond, layout_loops_corners, serial_rivers,
          chequers_serial_rivers_micro_a, chequers_serial_rivers_micro_d,
          chequers_serial_rivers_large_a, chequers_serial_rivers_small_a,
          chequers_serial_rivers_marsh
D:3:      minmay_skewed_foursquare, layout_loops_ring,
          eat_drink_and_be_merry_uskayaw, nicolae_ru_path_of_blood,
          mainiacjoe_overflow_brackets
D:4:      layout_loops_cross, nicolae_overflow_crystal_walls,
          ashenzari_conservatory_becter, uniq_grinder, uniq_pikel

Skill      XL: |  1  2  3  4 |
---------------+-------------+-----
Dodging        | 2 |  2.7
Unarmed Combat | 3 |  3.9
Shapeshifting  | 3 |  3.7
Fighting       | 2 |  2.3

Action                     |  1- 3 |  4- 6 || total
---------------------------+-------+-------++-------
  Melee: Unarmed           |    94 |    66 ||   160
         Punch             |     1 |     1 ||     2
         Touch             |     9 |    15 ||    24
   Stab: Sleeping          |     2 |       ||     2
 Armour: Animal skin       |    50 |    13 ||    63
  Dodge: Dodged            |    46 |    37 ||    83

Table legend: (Time is in decaauts)
 A = Elapsed time spent in this place.
 B = Non-inter-level travel time spent in this place.
 C = Inter-level travel time spent in this place.
 D = Time resting spent in this place.
 E = Time spent auto-exploring this place.
 F = Levels seen in this place.
 G = Mean time per level.
                   A        B        C        D        E       F      G
               +--------+--------+--------+--------+--------+-----+--------+
         Total |   2987 |   2887 |    100 |      0 |   2386 |   4 |  746.8 |
       Dungeon |   2987 |   2887 |    100 |      0 |   2386 |   4 |  746.8 |
               +--------+--------+--------+--------+--------+-----+--------+

Top non-repeatable levels by time:
     D:2: 1154 daAuts
     D:1: 964 daAuts
     D:3: 763 daAuts
     D:4: 105 daAuts
